 Dungeon Sprint DCSS version 0.17-a0-1181-gabc46e6 (webtiles) character file.

229637 nuthulu the Minotaur Barricade (level 19, -13/207 HPs)
             Began as a Minotaur Fighter on May 31, 2015.
             Was the Champion of Cheibriados.
             Killed from afar by Lom Lobon (20 damage)
             ... with a tornado
             ... in the Dungeon (Sprint V: "Ziggurat Sprint").
             The game lasted 00:29:04 (3155 turns).

nuthulu the Minotaur Barricade (Minotaur Fighter)   Turns: 3155, Time: 00:29:05

Health: -13/207    AC: 48    Str: 48    XL:     19   Next: 10%
Magic:  18/54      EV: 32    Int: 25    God:    Cheibriados [******]
Gold:   0          SH: 41    Dex: 29    Spells: 0 memorised, 42 levels left

rFire  . . .     SeeInvis .     K - +6 shillelagh "Devastator" {shatter}
rCold  + . .     Clarity  +     I - +15 Maxwell's patent armour {-Cast -Tele rElec MR+ rCorr}
rNeg   + . .     SustAt   .     J - +18 shield of the gong {rElec rN+ MR+ EV-5}
rPois  +         Gourm    .     b - +3 hat of Pondering {ponderous, MR+ MP+10 Int+5}
rElec  +         Spirit   .     W - +2 cloak {rPois}
rCorr  +         Warding  .     P - +2 pair of gloves of Generosity {MR++ MP+9 Dex+2}
rMut   .         NoTele   +     (no boots)
MR     +++++     NoCast   +     M - amulet of clarity
Stlth  ..........               V - ring of Descent {rC+ Slay+2}
                                G - +6 ring of strength

@: flying (expiring), very slow, almost entirely resistant to hostile
enchantments, extremely unstealthy
A: retaliatory headbutt, horns 2, deterioration 1
a: Bend Time, Temporal Distortion, Slouch, Step From Time, Renounce Religion


You were in the Dungeon.
You worshipped Cheibriados.
Cheibriados was exalted by your worship.
You were not hungry.

You visited 1 branch

Inventory:

Hand weapons
 K - the +6 shillelagh "Devastator" (weapon) {shatter}
   (You found it in the Dungeon)
 T - the +7 flail of the Yoke {crush, rPois rN++ MR+ Dex-5}
   (You found it in the Dungeon)

   It inflicts extra damage upon your enemies.
   It affects your dexterity (-5).
   It protects you from poison.
   It greatly protects you from negative energy.
   It affects your resistance to hostile enchantments.
Armour
 b - the +3 hat of Pondering (worn) {ponderous, MR+ MP+10 Int+5}
   (You found it in the Dungeon)

   It affects your intelligence (+5).
   It affects your resistance to hostile enchantments.
   It affects your magic capacity (+10).
 I - the +15 Maxwell's patent armour (worn) {-Cast -Tele rElec MR+ rCorr}
   (You found it in the Dungeon)

   It insulates you from electricity.
   It affects your resistance to hostile enchantments.
   It prevents spellcasting.
   It prevents most forms of teleportation.
   It protects you from acid and corrosion.
 J - the +18 shield of the gong (worn) {rElec rN+ MR+ EV-5}
   (You found it in the Dungeon)

   It affects your evasion (-5).
   It insulates you from electricity.
   It protects you from negative energy.
   It affects your resistance to hostile enchantments.
 P - the +2 pair of gloves of Generosity (worn) {MR++ MP+9 Dex+2}
   (You found it in the Dungeon)

   It affects your dexterity (+2).
   It affects your resistance to hostile enchantments.
   It affects your magic capacity (+9).
 W - a +2 cloak of poison resistance (worn)
 Z - the +8 chain mail "Nalatur" {Str+4 Slay+2}
   (You found it in the Dungeon)

   It affects your strength (+4).
   It affects your accuracy and damage with ranged weapons and melee attacks
   (+2).
Rods
 E - a +4 rod of inaccuracy (10/10)
   (You took it off a yellow draconian in the Dungeon)
Jewellery
 c - an uncursed ring of fire
 t - an uncursed ring of protection from cold
 C - a +6 ring of dexterity
 D - a +6 ring of dexterity
 F - a +6 ring of intelligence
 G - a +6 ring of strength (left hand)
 H - a +6 ring of strength
 M - an amulet of clarity (around neck)
 N - a +2 ring of evasion
 O - an uncursed ring of protection from cold
 Q - an uncursed ring of protection from cold
 R - a +2 ring of strength
 U - a +2 ring of dexterity
 V - the ring of Descent (right hand) {rC+ Slay+2}
   (You found it in the Dungeon)

   [ring of protection from cold]

   It affects your accuracy and damage with ranged weapons and melee attacks
   (+2).
   It protects you from cold.
Magical devices
 o - a wand of disintegration (7)
 y - a wand of fire (5)
 A - a wand of cold (5)
 B - a wand of draining (5)
Scrolls
 a - 11 scrolls of enchant armour
 k - 4 scrolls of blinking
 q - 4 scrolls of amnesia
 r - 3 scrolls of recharging
 s - 7 scrolls of fog
 u - 5 scrolls of identify
 v - 4 scrolls of remove curse
 w - a scroll of fear
 L - 4 scrolls of brand weapon
Potions
 d - 7 potions of might
 f - 10 potions of curing
 g - a potion of heal wounds
 h - 8 potions of haste
 i - 3 potions of magic
 j - 3 potions of berserk rage
 l - 2 potions of brilliance
 m - 2 potions of invisibility
 n - 4 potions of resistance
 p - 6 potions of agility
Miscellaneous
 X - a legendary deck of defence
Comestibles
 e - 4 bread rations
 x - 42 fruits
 z - 2 meat rations
 Y - 6 royal jellies


   Skills:
 O Level 27 Fighting
 O Level 27 Maces & Flails
 + Level 14.7 Throwing
 O Level 27 Armour
 O Level 27 Dodging
 - Level 1.0 Stealth
 O Level 27 Shields
 + Level 15.6 Unarmed Combat
 + Level 12.1 Spellcasting
 O Level 27 Invocations
 - Level 0.8 Evocations


You had 42 spell levels left.
You didn't know any spells.

Dungeon Overview and Level Annotations

Branches:
Dungeon (1/1)

Altars:
Ashenzari
Cheibriados
Dithmenos
Elyvilon
Fedhas
Gozag
Kikubaaqudgha
Makhleb
Nemelex Xobeh
Okawaru
Qazlal
Ru
Sif Muna
Trog
Vehumet
Xom
Yredelemnul
Zin
The Shining One
Beogh
Jiyva
Lugonu

Annotations:
D Gastronok, Lom Lobon


Innate Abilities, Weirdness & Mutations

You reflexively headbutt those who attack you in melee.
You have a pair of horns on your head.
Your body sometimes deteriorates upon taking damage.


Message History

Cheibriados thoroughly appreciates the change of pace.
The ball lightning explodes!
The blast of lightning engulfs Lom Lobon.
Lom Lobon completely resists.
Cheibriados thoroughly appreciates the change of pace.
The ball lightning explodes!
The blast of lightning engulfs the ball lightning.
The ball lightning completely resists.
The blast of lightning engulfs Nellie.
Nellie dies!
Your Spellcasting skill increases to level 12!
The blast of lightning engulfs Lom Lobon.
Lom Lobon completely resists.
The blast of lightning engulfs you! You resist.
* * * LOW HITPOINT WARNING * * *
Cheibriados thoroughly appreciates the change of pace.
The ball lightning explodes!
The blast of lightning engulfs Lom Lobon.
Lom Lobon completely resists.
Cheibriados thoroughly appreciates the change of pace.
You feel somewhat more hungry.
You are engulfed in raging winds.
You die...

....▓ ....▓
...............
....▓
...............
....▓
....w..........
....▓
.................
....▓
...§§§§§§§§§.....
....
.).§§§§§§§§§.....
...
)..§§§§§§§§§.....
▓..
))▓§§§§§§@§§▓....
..
...§§§§&§§§§.....
..
...§§§§§§§§§.....
..
...§§§§§.§§§.....
..
...§§§§§§§§§.....
▓▓
▓▓▓▓▓▓▓▓▓▓▓▓▓▓▓▓▓


You could see Lom Lobon and Gastronok.

Vanquished Creatures
  Dissolution (D)
  Ignacio (D)
  Gloorx Vloq (D)
  5 pandemonium lords (D)
  An ancient lich (D)
  Nikola (D)
  Jory (D)
  the Enchantress (D)
  Rupert (D)
  4 deep elf master archers (D)
  2 liches (D)
  7 deep elf blademasters (D)
  A Shadow Fiend (D)
  An acid blob (D)
  2 krakens (D)
  An Executioner (D)
  Chuck (D)
  Agnes (D)
  5 storm dragons (D)
  3 draconian monks (D)
  3 greater nagas (D)
  A ghost moth (D)
  10 deep elf sorcerers (D)
  A draconian knight (D)
  A draconian scorcher (D)
  4 draconian shifters (D)
  A draconian annihilator (D)
  4 reapers (D)
  A draconian caller (D)
  Nessos (D)
  A vampire knight (D)
  12 deep elf annihilators (D)
  4 green draconians (D)
  3 white draconians (D)
  5 black draconians (D)
  Azrael (D)
  3 red draconians (D)
  A mottled draconian (D)
  A corrupter (D)
  A purple draconian (D)
  5 yellow draconians (D)
  4 merfolk javelineers (D)
  7 merfolk impalers (D)
  A death ooze (D)
  Josephine (D)
  10 deep elf high priests (D)
  2 blizzard demons (D)
  An entropy weaver (D)
  Harold (D)
  A hydra (D)
  6 naga warriors (D)
  2 spriggan air magi (D)
  Erica (D)
  4 merfolk avatars (D)
  A death yak (D)
  5 anacondas (D)
  9 merfolk aquamancers (D)
  A vampire mage (D)
  Urug (D)
  Sonja (D)
  A small abomination (D)
  2 soul eaters (D)
  8 deep elf knights (D)
  2 skeletal warriors (D)
  2 ice devils (D)
  6 ball lightnings (D)
  2 sea snakes (D)
  2 deep elf summoners (D)
  2 harpies (D)
  4 necromancers (D)
  4 deep elf conjurers (D)
  3 griffons (D)
  An orb spider (D)
  2 wolf spiders (D)
  3 manticores (D)
  2 hornets (D)
  A shining eye (D)
  5 sixfirhies (D)
  4 draconians (D)
  2 water nymphs (D)
  4 black mambas (D)
  4 sirens (D)
  Joseph (D)
  5 guardian serpents (D)
  A smoke demon (D)
  Psyche (D)
  8 rust devils (D)
  2 spiny frogs (D)
  4 naga magi (D)
  A komodo dragon (D)
  A troll (shapeshifter) (D)
  A hellion (D)
  A demonic crawler (D)
  2 yaktaurs (shapeshifter) (D)
  3 hellwings (D)
  A blue devil (D)
  3 tormentors (D)
  2 deep elf priests (D)
  7 merfolk (D)
  6 wind drakes (D)
  3 jumping spiders (D)
  2 red devils (D)
  Grinder (D)
  3 large abominations (D)
  5 slime creatures (D)
  5 shadows (D)
  4 snapping turtles (D)
  4 air elementals (D)
  4 redbacks (D)
  4 vampires (D)
  A wraith (D)
  Sigmund (D)
  2 trapdoor spiders (D)
  A water elemental (D)
  2 spriggans (D)
  4 deep elf fighters (D)
  A ynoxinul (D)
  4 golden eyes (D)
  2 hippogriffs (D)
  A chaos spawn (D)
  3 neqoxecs (D)
  Grum (D)
  A basilisk (D)
  8 deep elf magi (D)
  2 yaks (D)
  2 vampire mosquitoes (D)
  Menkaure (D)
  2 insubstantial wisps (D)
  A hell hound (D)
  4 nagas (D)
  Duvessa (D)
  2 phantoms (D)
  6 wolves (D)
  A black bear (D)
  5 spiders (D)
  2 porcupines (D)
  5 water moccasins (D)
  Purgy (D)
  4 necrophages (D)
  4 wasps (D)
  2 centaurs (D)
  2 crocodiles (D)
  Blork the orc (D)
  A giant frog (D)
  Dowan (D)
  2 scorpions (D)
  2 killer bees (D)
  4 wights (D)
  A crimson imp (D)
  3 jellies (D)
  3 quasits (D)
  7 iron imps (D)
  An iguana (D)
  5 worker ants (D)
  Ijyb (D)
  Terence (D)
  A hell rat (D)
  3 sheep (D)
  A mummy (D)
  5 adders (D)
  3 river rats (D)
  2 white imps (D)
  A shadow imp (D)
  A giant eyeball (D)
  2 ufetubi (D)
  4 adder zombies (D)
  3 adder skeletons (D)
  A bat skeleton (D)
  6 bat zombies (D)
  2 jackals (D)
  2 ball pythons (D)
  A giant cockroach zombie (D)
  A giant gecko skeleton (D)
  2 giant gecko zombies (D)
  2 jackal zombies (D)
  2 quokka zombies (D)
  A butterfly (D)
  11 crawling corpses (D)
  3 fungi (D)
  4 tentacles (D)
  A tentacle segment (D)
492 creatures vanquished.

Vanquished Creatures (others)
  the Serpent of Hell (D)
  Khufu (D)
  Mara (D)
  the iron giant (D)
  Nellie (D)
  Polyphemus (D)
  A shadow dragon (D)
  Louise (D)
  A naga warrior (D)
  An anaconda (D)
  A ball lightning (D)
  A giant eyeball (D)
  A bat skeleton (D)
  21 tentacles (D)
  1193 tentacle segments (D)
1227 creatures vanquished.

Grand Total: 1719 creatures vanquished

Notes
Turn   | Place    | Note
--------------------------------------------------------------
     0 | D        | nuthulu the Minotaur Fighter began the quest for the Orb.
     0 | D        | Reached XP level 1. HP: 19/19 MP: 0/0
     0 | D        | Found a viscous altar of Jiyva.
     0 | D        | Found a roughly hewn altar of Beogh.
     0 | D        | Found a corrupted altar of Lugonu.
     0 | D        | Found a white marble altar of Elyvilon.
     0 | D        | Found a sparkling altar of Nemelex Xobeh.
     3 | D        | Found a burning altar of Makhleb.
     3 | D        | Found a deep blue altar of Sif Muna.
     3 | D        | Found an iron altar of Okawaru.
     3 | D        | Found a bloodstained altar of Trog.
     3 | D        | Found a radiant altar of Vehumet.
     4 | D        | Found a shimmering altar of Xom.
    10 | D        | Reached skill level 5 in Fighting
    10 | D        | Reached skill level 5 in Armour
    10 | D        | Reached skill level 5 in Shields
    10 | D        | Reached XP level 2. HP: 23/29 MP: 1/1
   141 | D        | Became a worshipper of Cheibriados the Contemplative
   151 | D        | Entered arena 1.
   151 | D        | Noticed a spriggan
   151 | D        | Noticed a wolf
   153 | D        | Killed a wolf
   153 | D        | Reached skill level 7 in Fighting
   153 | D        | Reached skill level 5 in Maces & Flails
   153 | D        | Reached XP level 3. HP: 33/39 MP: 2/2
   153 | D        | Reached XP level 4. HP: 39/47 MP: 3/3
   159 | D        | Killed a spriggan
   159 | D        | Reached skill level 8 in Fighting
   159 | D        | Reached skill level 5 in Dodging
   159 | D        | Reached XP level 5. HP: 45/56 MP: 4/4
   165 | D        | Got the ring of the Salamander {MP-9 Int+6 Stlth-}
   219 | D        | Entered arena 2.
   219 | D        | Noticed a scorpion
   219 | D        | Noticed a jumping spider
   219 | D        | Noticed a jumping spider
   224 | D        | Killed a jumping spider
   224 | D        | Acquired Cheibriados's first power
   224 | D        | Reached skill level 9 in Fighting
   224 | D        | Reached XP level 6. HP: 62/66 MP: 5/5
   224 | D        | Killed a jumping spider
   224 | D        | Reached skill level 10 in Fighting
   224 | D        | Reached skill level 10 in Armour
   224 | D        | Reached skill level 10 in Shields
   224 | D        | Reached XP level 7. HP: 67/73 MP: 6/6
   225 | D        | Killed a scorpion
   297 | D        | Entered arena 3.
   297 | D        | Noticed a draconian
   297 | D        | Noticed a draconian
   297 | D        | Noticed a draconian
   297 | D        | Noticed a draconian
   304 | D        | Killed a draconian
   304 | D        | Reached skill level 11 in Fighting
   304 | D        | Reached XP level 8. HP: 73/82 MP: 7/7
   306 | D        | Killed a draconian
   306 | D        | Reached skill level 12 in Shields
   308 | D        | Killed a draconian
   308 | D        | Acquired Cheibriados's second power
   311 | D        | Killed a draconian
   311 | D        | Reached skill level 13 in Shields
   311 | D        | Reached XP level 9. HP: 80/91 MP: 8/8
   343 | D        | Entered arena 4.
   343 | D        | Noticed a quasit
   343 | D        | Noticed a large abomination
   343 | D        | Noticed an iron imp
   344 | D        | Killed a quasit
   344 | D        | Acquired Cheibriados's third power
   344 | D        | Killed an iron imp
   348 | D        | Killed a large abomination
   411 | D        | Entered arena 5.
   411 | D        | Noticed a hell hound
   412 | D        | Acquired Cheibriados's fourth power
   414 | D        | Killed a hell hound
   424 | D        | Entered arena 6.
   424 | D        | Noticed a wolf
   424 | D        | Noticed a black bear
   424 | D        | Noticed a spriggan rider
   424 | D        | Noticed a wolf
   424 | D        | Noticed a wolf
   424 | D        | Noticed a wolf
   426 | D        | Killed a wolf
   426 | D        | Reached skill level 14 in Shields
   426 | D        | Killed a wolf
   428 | D        | Killed a wolf
   430 | D        | Killed a wolf
   430 | D        | Reached skill level 10 in Dodging
   430 | D        | Killed a black bear
   433 | D        | Killed a spriggan rider
   433 | D        | Killed a wasp
   433 | D        | Reached skill level 15 in Shields
   480 | D        | Got the cursed +0 pair of gloves of the Ban {-Cast rElec Slay+6 SInv}
   505 | D        | Entered arena 7.
   505 | D        | Noticed a centaur
   505 | D        | Noticed a merfolk
   505 | D        | Noticed a hippogriff
   505 | D        | Noticed a hippogriff
   507 | D        | Killed a hippogriff
   507 | D        | Reached XP level 10. HP: 101/101 MP: 9/9
   509 | D        | Killed a hippogriff
   510 | D        | Killed a centaur
   511 | D        | Killed a merfolk
   525 | D        | Entered arena 8.
   525 | D        | Noticed a yak
   525 | D        | Noticed a yak
   525 | D        | Noticed a wolf
   528 | D        | Killed a yak
   530 | D        | Killed a wolf
   531 | D        | Killed a yak
   546 | D        | Entered arena 9.
   546 | D        | Noticed a phantom
   546 | D        | Noticed a phantom
   546 | D        | Noticed a wight
   548 | D        | Killed a wight
   548 | D        | Reached skill level 16 in Shields
   557 | D        | Killed a phantom
   557 | D        | Reached skill level 10 in Maces & Flails
   560 | D        | Killed a phantom
   573 | D        | Got the ring of Dionokei {Wiz rN+}
   673 | D        | Entered arena 10.
   673 | D        | Noticed a quasit
   673 | D        | Noticed a yaktaur
   673 | D        | Noticed an iron imp
   673 | D        | Noticed a neqoxec
   673 | D        | Noticed a large abomination
   673 | D        | Noticed a crimson imp
   673 | D        | Noticed a large abomination
   676 | D        | Killed a quasit
   678 | D        | Killed a yaktaur
   680 | D        | Killed a large abomination
   680 | D        | Killed an iron imp
   686 | D        | Killed a large abomination
   686 | D        | Gained mutation: Your body sometimes deteriorates upon taking damage. [a neqoxec]
   688 | D        | Killed a crimson imp
   688 | D        | Killed a neqoxec
   695 | D        | Got the ring of Descent {rC+ Slay+2}
   822 | D        | Entered arena 11.
   822 | D        | Noticed a harpy
   822 | D        | Noticed a siren
   822 | D        | Noticed a merfolk aquamancer
   822 | D        | Noticed a snapping turtle
   822 | D        | Noticed a snapping turtle
   823 | D        | Noticed a merfolk avatar
   823 | D        | Noticed a griffon
   823 | D        | Noticed a griffon
   823 | D        | Noticed a merfolk impaler
   825 | D        | Noticed a harpy
   825 | D        | Killed a harpy
   825 | D        | Reached skill level 17 in Shields
   830 | D        | Killed a merfolk aquamancer
   832 | D        | Killed a snapping turtle
   833 | D        | Killed a snapping turtle
   835 | D        | Killed a harpy
   835 | D        | Killed a siren
   835 | D        | Reached skill level 18 in Shields
   835 | D        | Reached XP level 11. HP: 85/111 MP: 10/10
   837 | D        | Killed a griffon
   839 | D        | Killed a griffon
   846 | D        | Killed a merfolk impaler
   846 | D        | Reached skill level 15 in Armour
   855 | D        | Killed a merfolk avatar
   855 | D        | Reached skill level 19 in Shields
   872 | D        | Got the +8 chain mail "Nalatur" {Str+4 Slay+2}
   915 | D        | Entered arena 12.
   915 | D        | Noticed a shadow
   915 | D        | Noticed a lich
   915 | D        | Noticed a necromancer
   915 | D        | Noticed a shadow
   916 | D        | Noticed a necrophage
   916 | D        | Noticed a skeletal warrior
   916 | D        | Noticed a vampire
   916 | D        | Noticed a wight
   917 | D        | Noticed a skeletal warrior
   917 | D        | Noticed a vampire
   917 | D        | Killed a shadow
   917 | D        | Reached skill level 1 in Stealth
   917 | D        | Killed a shadow
   917 | D        | Killed a vampire
   917 | D        | Killed a necrophage
   917 | D        | Killed a wight
   919 | D        | Killed a lich
   919 | D        | Reached skill level 15 in Fighting
   919 | D        | Reached skill level 20 in Shields
   919 | D        | Killed a skeletal warrior
   921 | D        | Killed a necromancer
   924 | D        | Killed a skeletal warrior
   924 | D        | Killed a vampire
   945 | D        | Entered arena 13.
   945 | D        | Noticed a vampire
   945 | D        | Noticed a vampire
   947 | D        | Noticed an ancient lich
   947 | D        | Noticed a shadow
   947 | D        | Killed a vampire
   948 | D        | Noticed a shadow
   948 | D        | Noticed a necrophage
   948 | D        | Noticed an Executioner
   950 | D        | Noticed a lorocyproca
   950 | D        | Killed a vampire
   952 | D        | Noticed a Brimstone Fiend
   955 | D        | Killed an Executioner
   955 | D        | Killed a necrophage
   962 | D        | Killed an ancient lich
   962 | D        | Reached skill level 15 in Dodging
   962 | D        | Reached skill level 22 in Shields
   962 | D        | Reached XP level 12. HP: 95/122 MP: 11/11
   964 | D        | Killed a shadow
   967 | D        | Killed a shadow
  1035 | D        | Entered arena 14.
  1036 | D        | Noticed a demonic crawler
  1036 | D        | Noticed a wolf spider
  1036 | D        | Noticed an entropy weaver
  1036 | D        | Noticed a hornet
  1037 | D        | Noticed an orb spider
  1037 | D        | Noticed a wolf spider
  1037 | D        | Noticed a hornet
  1037 | D        | Noticed a wasp
  1037 | D        | Noticed a trapdoor spider
  1037 | D        | Noticed a redback
  1037 | D        | Noticed a jumping spider
  1037 | D        | Noticed a ghost moth
  1037 | D        | Noticed a trapdoor spider
  1039 | D        | Killed a hornet
  1040 | D        | Killed a wolf spider
  1043 | D        | Killed a wasp
  1044 | D        | Killed a trapdoor spider
  1045 | D        | Killed a wolf spider
  1045 | D        | Killed a redback
  1045 | D        | Reached skill level 23 in Shields
  1045 | D        | Killed a jumping spider
  1045 | D        | Killed a trapdoor spider
  1047 | D        | Killed a demonic crawler
  1049 | D        | Killed an entropy weaver
  1052 | D        | Killed a hornet
  1054 | D        | Killed a ghost moth
  1054 | D        | Reached skill level 15 in Maces & Flails
  1077 | D        | Killed an orb spider
  1126 | D        | Got the +7 flail of the Yoke {crush, rPois rN++ MR+ Dex-5}
  1148 | D        | Entered arena 15.
  1149 | D        | Noticed a slime creature
  1149 | D        | Noticed an acid blob
  1149 | D        | Noticed a jelly
  1149 | D        | Noticed a jelly
  1149 | D        | Noticed a slime creature
  1149 | D        | Noticed a slime creature
  1149 | D        | Paralysed by a giant eyeball for 2 turns
  1150 | D        | Noticed a slime creature
  1150 | D        | Noticed a shining eye
  1150 | D        | Noticed a slime creature
  1150 | D        | Noticed a golden eye
  1150 | D        | Noticed a death ooze
  1150 | D        | Noticed a slime creature
  1150 | D        | Noticed a jelly
  1152 | D        | Killed a jelly
  1156 | D        | Paralysed by a giant eyeball for 3 turns
  1161 | D        | Killed a jelly
  1164 | D        | Killed a death ooze
  1164 | D        | Reached skill level 24 in Shields
  1164 | D        | Reached XP level 13. HP: 60/129 MP: 12/12
  1168 | D        | Killed an acid blob
  1168 | D        | Killed a jelly
  1169 | D        | Paralysed by a giant eyeball for 3 turns
  1173 | D        | Killed a slime creature
  1176 | D        | Killed a large slime creature
  1177 | D        | Killed a slime creature
  1178 | D        | Killed a slime creature
  1179 | D        | Killed a golden eye
  1180 | D        | Killed a shining eye
  1181 | D        | Killed a slime creature
  1400 | D        | Entered arena 16.
  1403 | D        | Noticed a vampire knight
  1403 | D        | Noticed a shadow
  1403 | D        | Noticed a necromancer
  1403 | D        | Noticed a necrophage
  1403 | D        | Noticed a wight
  1403 | D        | Noticed a necromancer
  1403 | D        | Noticed a necrophage
  1404 | D        | Noticed a vampire mage
  1404 | D        | Noticed a lich
  1404 | D        | Noticed a wight
  1404 | D        | Noticed a necromancer
  1407 | D        | Killed a wight
  1408 | D        | Killed a necromancer
  1408 | D        | Killed a necrophage
  1408 | D        | Killed a wight
  1409 | D        | Killed a necrophage
  1409 | D        | Killed a shadow
  1409 | D        | Killed a necromancer
  1412 | D        | Killed a lich
  1412 | D        | Reached skill level 25 in Shields
  1412 | D        | Reached skill level 1 in Invocations
  1412 | D        | Killed a vampire knight
  1414 | D        | Killed a necromancer
  1414 | D        | Killed a vampire mage
  1462 | D        | Entered arena 17.
  1465 | D        | Noticed an air elemental
  1465 | D        | Noticed an air elemental
  1465 | D        | Noticed a storm dragon
  1465 | D        | Noticed an insubstantial wisp
  1465 | D        | Noticed a wind drake
  1465 | D        | Noticed a wind drake
  1465 | D        | Noticed a wind drake
  1465 | D        | Noticed an insubstantial wisp
  1465 | D        | Noticed a spriggan air mage
  1466 | D        | Noticed a storm dragon
  1466 | D        | Noticed a wind drake
  1466 | D        | Noticed a storm dragon
  1466 | D        | Noticed a spriggan air mage
  1466 | D        | Noticed a storm dragon
  1466 | D        | Noticed an air elemental
  1466 | D        | Noticed a storm dragon
  1467 | D        | Noticed an air elemental
  1467 | D        | Noticed a wind drake
  1467 | D        | Killed an air elemental
  1467 | D        | Killed an air elemental
  1467 | D        | Killed an air elemental
  1467 | D        | Killed an insubstantial wisp
  1467 | D        | Killed an air elemental
  1467 | D        | Killed an insubstantial wisp
  1473 | D        | Killed a wind drake
  1473 | D        | Killed a wind drake
  1473 | D        | Killed a spriggan air mage
  1473 | D        | Killed a wind drake
  1473 | D        | Killed a spriggan air mage
  1473 | D        | Killed a wind drake
  1473 | D        | Killed a wind drake
  1476 | D        | Killed a storm dragon
  1476 | D        | Reached skill level 26 in Shields
  1477 | D        | Killed a storm dragon
  1478 | D        | Killed a storm dragon
  1479 | D        | Killed a storm dragon
  1480 | D        | Killed a storm dragon
  1480 | D        | Reached XP level 14. HP: 70/141 MP: 10/16
  1697 | D        | Entered arena 18.
  1700 | D        | Noticed a porcupine
  1700 | D        | Noticed a basilisk
  1700 | D        | Noticed an iguana
  1700 | D        | Noticed a water moccasin
  1700 | D        | Noticed a komodo dragon
  1700 | D        | Noticed a water moccasin
  1700 | D        | Noticed a crocodile
  1700 | D        | Noticed a black mamba
  1700 | D        | Noticed a giant frog
  1701 | D        | Noticed a spiny frog
  1701 | D        | Noticed a death yak
  1701 | D        | Noticed a water moccasin
  1701 | D        | Noticed a four-headed hydra
  1701 | D        | Noticed a porcupine
  1701 | D        | Noticed a water moccasin
  1701 | D        | Noticed a crocodile
  1701 | D        | Noticed a black mamba
  1701 | D        | Noticed a spiny frog
  1702 | D        | Killed a black mamba
  1705 | D        | Killed a komodo dragon
  1705 | D        | Killed a water moccasin
  1705 | D        | Killed a giant frog
  1706 | D        | Killed a water moccasin
  1706 | D        | Killed a porcupine
  1706 | D        | Reached skill level 5 in Invocations
  1706 | D        | Killed a water moccasin
  1706 | D        | Killed a water moccasin
  1707 | D        | Killed a crocodile
  1707 | D        | Killed a crocodile
  1707 | D        | Killed a porcupine
  1711 | D        | Killed a basilisk
  1711 | D        | Killed a black mamba
  1711 | D        | Reached skill level 27 in Shields
  1711 | D        | Killed a four-headed hydra
  1711 | D        | Killed a spiny frog
  1712 | D        | Killed a spiny frog
  1712 | D        | Killed a death yak
  1713 | D        | Killed an iguana
  1742 | D        | Entered arena 19.
  1747 | D        | Noticed Biudgh the pandemonium lord
  1747 | D        | Noticed a blizzard demon
  1747 | D        | Noticed a neqoxec
  1747 | D        | Noticed a hellwing
  1747 | D        | Noticed a hellwing
  1747 | D        | Noticed a soul eater
  1747 | D        | Noticed a blue devil
  1747 | D        | Noticed a rust devil
  1747 | D        | Noticed Moben the pandemonium lord
  1747 | D        | Noticed Vuiskil the pandemonium lord
  1747 | D        | Noticed a sixfirhy
  1747 | D        | Noticed Keofalaip the pandemonium lord
  1747 | D        | Noticed Fyligguepn the pandemonium lord
  1747 | D        | Noticed a smoke demon
  1747 | D        | Noticed a hellwing
  1748 | D        | Noticed a sixfirhy
  1748 | D        | Noticed a sixfirhy
  1748 | D        | Noticed a gelid corrupter
  1748 | D        | Noticed a sixfirhy
  1748 | D        | Noticed a blizzard demon
  1748 | D        | Killed a sixfirhy
  1748 | D        | Killed a sixfirhy
  1748 | D        | Killed a sixfirhy
  1748 | D        | Killed a sixfirhy
  1750 | D        | Noticed a ynoxinul
  1750 | D        | Noticed a chaos spawn
  1750 | D        | Noticed a Shadow Fiend
  1750 | D        | Noticed a shadow dragon
  1750 | D        | Killed a rust devil
  1750 | D        | Killed a smoke demon
  1750 | D        | Killed a blue devil
  1750 | D        | Killed a hellwing
  1750 | D        | Killed a neqoxec
  1753 | D        | Noticed an emperor scorpion
  1753 | D        | Noticed a ghost moth
  1753 | D        | Noticed an emperor scorpion
  1753 | D        | Killed a hellwing
  1753 | D        | Killed a soul eater
  1753 | D        | Killed a gelid corrupter
  1753 | D        | Killed a chaos spawn
  1753 | D        | Killed a ynoxinul
  1753 | D        | Killed a blizzard demon
  1753 | D        | Killed a hellwing
  1755 | D        | Killed a blizzard demon
  1756 | D        | Noticed a Shadow Fiend
  1763 | D        | Killed a shadow dragon
  1764 | D        | Killed Fyligguepn the pandemonium lord
  1764 | D        | Killed a Shadow Fiend
  1764 | D        | Killed Vuiskil the pandemonium lord
  1767 | D        | Killed Biudgh the pandemonium lord
  1769 | D        | Killed Keofalaip the pandemonium lord
  1778 | D        | Killed Moben the pandemonium lord
  1778 | D        | Reached XP level 15. HP: 25/156 MP: 6/18
  2108 | D        | Entered arena 20.
  2112 | D        | Noticed an iron imp
  2112 | D        | Noticed a hellion
  2112 | D        | Noticed a rust devil
  2113 | D        | Noticed a rust devil
  2113 | D        | Noticed a reaper
  2113 | D        | Noticed an ice devil
  2113 | D        | Noticed a rust devil
  2113 | D        | Noticed an iron imp
  2113 | D        | Noticed a rust devil
  2113 | D        | Noticed an iron imp
  2113 | D        | Noticed a tormentor
  2113 | D        | Noticed a tormentor
  2113 | D        | Noticed a reaper
  2114 | D        | Noticed a tormentor
  2114 | D        | Noticed a wraith
  2114 | D        | Noticed a reaper
  2114 | D        | Noticed a rust devil
  2114 | D        | Killed a tormentor
  2115 | D        | Noticed a reaper
  2115 | D        | Killed an iron imp
  2115 | D        | Killed a rust devil
  2115 | D        | Killed a tormentor
  2115 | D        | Killed a rust devil
  2115 | D        | Killed a rust devil
  2115 | D        | Killed a tormentor
  2115 | D        | Killed an iron imp
  2115 | D        | Killed a hellion
  2115 | D        | Killed an iron imp
  2115 | D        | Killed a wraith
  2116 | D        | Noticed an iron imp
  2116 | D        | Killed an ice devil
  2116 | D        | Killed a rust devil
  2116 | D        | Killed a reaper
  2116 | D        | Killed a rust devil
  2116 | D        | Killed an iron imp
  2118 | D        | Killed a reaper
  2118 | D        | Killed a reaper
  2119 | D        | Killed a reaper
  2384 | D        | Entered arena 21.
  2388 | D        | Noticed a deep elf sorcerer
  2388 | D        | Noticed a troll
  2388 | D        | Noticed a deep elf conjurer
  2388 | D        | Noticed a deep elf fighter
  2388 | D        | Noticed a deep elf knight
  2388 | D        | Noticed a deep elf high priest
  2388 | D        | Noticed a deep elf annihilator
  2389 | D        | Noticed a deep elf high priest
  2389 | D        | Noticed a deep elf blademaster
  2389 | D        | Noticed a deep elf mage
  2389 | D        | Noticed a deep elf annihilator
  2389 | D        | Noticed a deep elf master archer
  2389 | D        | Noticed a deep elf master archer
  2389 | D        | Noticed a deep elf mage
  2389 | D        | Killed a deep elf mage
  2389 | D        | Noticed a deep elf blademaster
  2389 | D        | Noticed a deep elf priest
  2390 | D        | Noticed a deep elf annihilator
  2390 | D        | Noticed a deep elf blademaster
  2390 | D        | Killed a deep elf fighter
  2390 | D        | Killed a deep elf mage
  2390 | D        | Killed a deep elf conjurer
  2391 | D        | Noticed a deep elf blademaster
  2391 | D        | Noticed a deep elf knight
  2391 | D        | Noticed a deep elf mage
  2391 | D        | Noticed a deep elf fighter
  2391 | D        | Killed a troll
  2391 | D        | Killed a deep elf knight
  2391 | D        | Killed a deep elf high priest
  2391 | D        | Killed a deep elf sorcerer
  2391 | D        | Killed a deep elf blademaster
  2391 | D        | Killed a deep elf priest
  2391 | D        | Killed a deep elf mage
  2392 | D        | Noticed a deep elf master archer
  2392 | D        | Killed a deep elf blademaster
  2392 | D        | Killed a deep elf master archer
  2392 | D        | Killed a deep elf blademaster
  2392 | D        | Killed a deep elf fighter
  2392 | D        | Killed a deep elf master archer
  2392 | D        | Killed a deep elf high priest
  2393 | D        | Noticed a deep elf mage
  2394 | D        | Noticed a deep elf high priest
  2395 | D        | Killed a deep elf annihilator
  2396 | D        | Killed a deep elf blademaster
  2398 | D        | Killed a deep elf mage
  2401 | D        | Killed a deep elf annihilator
  2401 | D        | Killed a deep elf knight
  2403 | D        | Killed a deep elf high priest
  2404 | D        | Killed a deep elf master archer
  2409 | D        | Killed a deep elf annihilator
  2530 | D        | Entered arena 22.
  2537 | D        | Noticed a red draconian
  2537 | D        | Noticed a purple draconian
  2537 | D        | Noticed a black draconian
  2537 | D        | Noticed a white draconian
  2537 | D        | Noticed a white draconian shifter
  2537 | D        | Noticed a black draconian
  2537 | D        | Noticed a green draconian monk
  2537 | D        | Noticed a black draconian
  2537 | D        | Noticed a black draconian shifter
  2537 | D        | Noticed a mottled draconian
  2537 | D        | Noticed a yellow draconian
  2538 | D        | Noticed a green draconian
  2538 | D        | Noticed a green draconian
  2538 | D        | Noticed a yellow draconian
  2538 | D        | Noticed a mottled draconian annihilator
  2538 | D        | Noticed a red draconian scorcher
  2538 | D        | Noticed a yellow draconian monk
  2539 | D        | Noticed a mottled draconian monk
  2539 | D        | Noticed a black draconian caller
  2539 | D        | Noticed a green draconian
  2539 | D        | Noticed a black draconian knight
  2539 | D        | Noticed a black draconian
  2539 | D        | Noticed a green draconian
  2539 | D        | Noticed a mottled draconian shifter
  2540 | D        | Noticed a yellow draconian
  2540 | D        | Noticed a red draconian
  2541 | D        | Noticed a red draconian
  2541 | D        | Noticed a yellow draconian shifter
  2541 | D        | Noticed a white draconian
  2541 | D        | Killed a white draconian shifter
  2541 | D        | Killed a mottled draconian annihilator
  2541 | D        | Killed a mottled draconian
  2541 | D        | Killed a purple draconian
  2541 | D        | Killed a green draconian monk
  2541 | D        | Killed a yellow draconian
  2541 | D        | Reached XP level 16. HP: 159/172 MP: 14/19
  2541 | D        | Killed a red draconian scorcher
  2541 | D        | Killed a black draconian shifter
  2541 | D        | Identified a +5 rod of destruction (7/11)
  2542 | D        | Noticed a black draconian
  2542 | D        | Killed a red draconian
  2542 | D        | Killed a white draconian
  2542 | D        | Killed a black draconian
  2542 | D        | Killed a black draconian
  2542 | D        | Killed a green draconian
  2542 | D        | Killed a yellow draconian
  2542 | D        | Killed a green draconian
  2542 | D        | Killed a black draconian caller
  2543 | D        | Noticed a yellow draconian
  2544 | D        | Noticed a yellow draconian
  2544 | D        | Killed a yellow draconian monk
  2544 | D        | Killed a black draconian
  2544 | D        | Killed a mottled draconian monk
  2544 | D        | Killed a mottled draconian shifter
  2544 | D        | Killed a black draconian knight
  2545 | D        | Killed a black draconian
  2545 | D        | Killed a green draconian
  2545 | D        | Killed a yellow draconian
  2545 | D        | Killed a green draconian
  2545 | D        | Killed a red draconian
  2545 | D        | Killed a yellow draconian shifter
  2545 | D        | Identified a +4 rod of inaccuracy (7/10)
  2546 | D        | Killed a red draconian
  2546 | D        | Killed a white draconian
  2547 | D        | Noticed a white draconian
  2547 | D        | Killed a black draconian
  2548 | D        | Killed a yellow draconian
  2548 | D        | Killed a yellow draconian
  2554 | D        | Killed a white draconian
  2799 | D        | Entered arena 23.
  2806 | D        | Noticed a naga
  2806 | D        | Noticed a guardian serpent
  2806 | D        | Noticed a greater naga
  2806 | D        | Noticed a naga
  2806 | D        | Noticed a water moccasin
  2806 | D        | Noticed a naga
  2806 | D        | Noticed a black mamba
  2806 | D        | Noticed a naga mage
  2806 | D        | Noticed a naga warrior
  2806 | D        | Noticed an anaconda
  2806 | D        | Noticed a guardian serpent
  2806 | D        | Noticed a greater naga
  2806 | D        | Noticed a naga warrior
  2806 | D        | Noticed a naga mage
  2806 | D        | Noticed an anaconda
  2806 | D        | Noticed a greater naga
  2806 | D        | Noticed a naga warrior
  2806 | D        | Noticed a guardian serpent
  2807 | D        | Noticed a naga
  2807 | D        | Noticed a guardian serpent
  2807 | D        | Noticed a naga mage
  2807 | D        | Noticed a naga warrior
  2807 | D        | Noticed a naga warrior
  2807 | D        | Noticed an anaconda
  2807 | D        | Noticed a naga mage
  2807 | D        | Noticed an anaconda
  2807 | D        | Killed a water moccasin
  2807 | D        | Killed a black mamba
  2807 | D        | Killed an anaconda
  2807 | D        | Killed an anaconda
  2807 | D        | Killed a guardian serpent
  2807 | D        | Killed an anaconda
  2807 | D        | Killed a naga
  2808 | D        | Noticed a naga warrior
  2808 | D        | Noticed an anaconda
  2808 | D        | Noticed an anaconda
  2808 | D        | Killed a naga mage
  2808 | D        | Killed a guardian serpent
  2808 | D        | Killed a guardian serpent
  2808 | D        | Killed an anaconda
  2808 | D        | Killed a guardian serpent
  2808 | D        | Killed a naga
  2809 | D        | Noticed a guardian serpent
  2809 | D        | Noticed a black mamba
  2809 | D        | Killed a naga mage
  2809 | D        | Killed an anaconda
  2809 | D        | Killed an anaconda
  2809 | D        | Killed a naga
  2809 | D        | Killed a naga mage
  2809 | D        | Killed a black mamba
  2809 | D        | Killed a guardian serpent
  2810 | D        | Noticed a naga warrior
  2810 | D        | Killed a greater naga
  2810 | D        | Killed a naga mage
  2811 | D        | Killed a naga
  2814 | D        | Killed a naga warrior
  2815 | D        | Killed a naga warrior
  2817 | D        | Killed a greater naga
  2817 | D        | Killed a greater naga
  2817 | D        | Killed a naga warrior
  2819 | D        | Killed a naga warrior
  2820 | D        | Killed a naga warrior
  2825 | D        | Killed a naga warrior
  2826 | D        | Killed a naga warrior
  2869 | D        | Entered arena 24.
  2876 | D        | Noticed a merfolk impaler
  2876 | D        | Noticed a merfolk aquamancer
  2876 | D        | Noticed a manticore
  2876 | D        | Noticed a snapping turtle
  2876 | D        | Noticed a merfolk
  2876 | D        | Noticed a siren
  2876 | D        | Noticed a merfolk javelineer
  2876 | D        | Noticed a merfolk aquamancer
  2876 | D        | Noticed a kraken
  2876 | D        | Noticed a merfolk aquamancer
  2876 | D        | Noticed a merfolk impaler
  2876 | D        | Noticed a merfolk javelineer
  2876 | D        | Noticed a merfolk
  2876 | D        | Noticed a merfolk impaler
  2876 | D        | Noticed a sea snake
  2876 | D        | Noticed a water nymph
  2876 | D        | Noticed a merfolk
  2876 | D        | Noticed a merfolk avatar
  2876 | D        | Noticed a merfolk aquamancer
  2876 | D        | Noticed a merfolk aquamancer
  2877 | D        | Noticed a manticore
  2877 | D        | Noticed a merfolk aquamancer
  2877 | D        | Noticed a merfolk
  2877 | D        | Noticed a merfolk javelineer
  2878 | D        | Noticed a merfolk
  2878 | D        | Noticed a merfolk aquamancer
  2878 | D        | Noticed a merfolk javelineer
  2878 | D        | Noticed a snapping turtle
  2878 | D        | Noticed a merfolk avatar
  2878 | D        | Killed a siren
  2879 | D        | Noticed a water elemental
  2879 | D        | Noticed a merfolk aquamancer
  2879 | D        | Noticed a manticore
  2879 | D        | Noticed a merfolk avatar
  2879 | D        | Killed a sea snake
  2879 | D        | Killed a merfolk aquamancer
  2879 | D        | Reached skill level 27 in Maces & Flails
  2879 | D        | Reached XP level 17. HP: 188/188 MP: 19/20
  2879 | D        | Killed a merfolk
  2879 | D        | Killed a merfolk aquamancer
  2879 | D        | Killed a merfolk aquamancer
  2879 | D        | Killed a manticore
  2879 | D        | Killed a water nymph
  2879 | D        | Killed a merfolk aquamancer
  2879 | D        | Killed a merfolk
  2879 | D        | Killed a merfolk
  2879 | D        | Killed a merfolk
  2879 | D        | Killed a merfolk aquamancer
  2879 | D        | Killed a manticore
  2880 | D        | Noticed a siren
  2880 | D        | Killed a merfolk aquamancer
  2880 | D        | Killed a merfolk javelineer
  2880 | D        | Reached skill level 27 in Armour
  2880 | D        | Killed a merfolk impaler
  2880 | D        | Killed a merfolk impaler
  2880 | D        | Killed a merfolk javelineer
  2880 | D        | Killed a merfolk avatar
  2880 | D        | Killed a merfolk aquamancer
  2880 | D        | Killed a merfolk javelineer
  2880 | D        | Reached skill level 27 in Fighting
  2880 | D        | Killed a merfolk impaler
  2880 | D        | Killed a merfolk
  2880 | D        | Killed a water elemental
  2881 | D        | Noticed a centaur
  2881 | D        | Noticed a sea snake
  2881 | D        | Noticed a merfolk impaler
  2881 | D        | Noticed a water nymph
  2881 | D        | Noticed a siren
  2881 | D        | Noticed a griffon
  2881 | D        | Noticed a merfolk impaler
  2881 | D        | Noticed a wind drake
  2881 | D        | Noticed a merfolk impaler
  2882 | D        | Noticed a merfolk
  2883 | D        | Killed a sea snake
  2886 | D        | Killed a manticore
  2888 | D        | Killed a centaur
  2888 | D        | Killed a merfolk javelineer
  2888 | D        | Killed a siren
  2888 | D        | Killed a merfolk aquamancer
  2888 | D        | Killed a merfolk avatar
  2889 | D        | Killed a merfolk impaler
  2889 | D        | Killed a merfolk impaler
  2889 | D        | Reached skill level 27 in Dodging
  2890 | D        | Killed a water nymph
  2890 | D        | Reached skill level 1 in Throwing
  2890 | D        | Reached skill level 1 in Spellcasting
  2891 | D        | Killed a wind drake
  2892 | D        | Killed a griffon
  2894 | D        | Killed a merfolk impaler
  2896 | D        | Killed a siren
  2898 | D        | Killed a merfolk
  2903 | D        | Killed a snapping turtle
  2908 | D        | Killed a kraken
  2908 | D        | Reached skill level 10 in Invocations
  2910 | D        | Killed a merfolk avatar
  2920 | D        | Killed a snapping turtle
  2923 | D        | Noticed a kraken
  2939 | D        | Killed a kraken
  2950 | D        | Entered arena 25.
  2959 | D        | Noticed a deep elf annihilator
  2959 | D        | Noticed a deep elf annihilator
  2959 | D        | Noticed a deep elf knight
  2959 | D        | Noticed a deep elf high priest
  2959 | D        | Noticed a deep elf high priest
  2959 | D        | Noticed a deep elf mage
  2959 | D        | Noticed a deep elf sorcerer
  2959 | D        | Noticed a deep elf summoner
  2959 | D        | Noticed a deep elf knight
  2959 | D        | Noticed a deep elf mage
  2959 | D        | Noticed a deep elf sorcerer
  2959 | D        | Noticed a deep elf blademaster
  2959 | D        | Noticed a deep elf sorcerer
  2959 | D        | Noticed a deep elf sorcerer
  2959 | D        | Noticed a deep elf priest
  2959 | D        | Noticed a deep elf master archer
  2959 | D        | Noticed a deep elf annihilator
  2959 | D        | Noticed a deep elf sorcerer
  2959 | D        | Noticed a deep elf conjurer
  2959 | D        | Noticed a deep elf annihilator
  2959 | D        | Noticed a deep elf sorcerer
  2960 | D        | Noticed a deep elf knight
  2960 | D        | Noticed a deep elf annihilator
  2961 | D        | Noticed a deep elf annihilator
  2961 | D        | Noticed a deep elf blademaster
  2961 | D        | Noticed a deep elf fighter
  2961 | D        | Noticed a deep elf annihilator
  2961 | D        | Noticed a deep elf fighter
  2961 | D        | Killed a deep elf mage
  2961 | D        | Killed a deep elf sorcerer
  2961 | D        | Killed a deep elf conjurer
  2961 | D        | Killed a deep elf sorcerer
  2961 | D        | Killed a deep elf priest
  2961 | D        | Killed a deep elf fighter
  2962 | D        | Noticed a deep elf high priest
  2962 | D        | Noticed a deep elf knight
  2962 | D        | Noticed a deep elf sorcerer
  2962 | D        | Noticed a deep elf mage
  2962 | D        | Killed a deep elf blademaster
  2962 | D        | Killed a deep elf high priest
  2962 | D        | Killed a deep elf annihilator
  2962 | D        | Reached skill level 15 in Invocations
  2962 | D        | Killed a deep elf knight
  2962 | D        | Killed a deep elf sorcerer
  2962 | D        | Killed a deep elf sorcerer
  2962 | D        | Killed a deep elf sorcerer
  2962 | D        | Killed a deep elf annihilator
  2962 | D        | Killed a deep elf mage
  2962 | D        | Killed a deep elf high priest
  2962 | D        | Killed a deep elf knight
  2962 | D        | Killed a deep elf fighter
  2962 | D        | Killed a deep elf knight
  2963 | D        | Noticed a deep elf knight
  2963 | D        | Noticed a deep elf sorcerer
  2963 | D        | Noticed a deep elf high priest
  2963 | D        | Noticed a deep elf sorcerer
  2963 | D        | Noticed a deep elf conjurer
  2963 | D        | Noticed a deep elf blademaster
  2963 | D        | Noticed a deep elf knight
  2963 | D        | Killed a deep elf master archer
  2963 | D        | Killed a deep elf blademaster
  2963 | D        | Killed a deep elf annihilator
  2963 | D        | Killed a deep elf annihilator
  2963 | D        | Killed a deep elf annihilator
  2963 | D        | Killed a deep elf sorcerer
  2963 | D        | Killed a deep elf annihilator
  2963 | D        | Killed a deep elf mage
  2964 | D        | Noticed a deep elf conjurer
  2964 | D        | Noticed a deep elf annihilator
  2964 | D        | Noticed a deep elf high priest
  2965 | D        | Noticed a deep elf high priest
  2965 | D        | Noticed a deep elf summoner
  2965 | D        | Killed a deep elf knight
  2965 | D        | Killed a deep elf knight
  2965 | D        | Killed a deep elf high priest
  2965 | D        | Killed a deep elf high priest
  2965 | D        | Killed a deep elf conjurer
  2965 | D        | Killed a deep elf sorcerer
  2966 | D        | Noticed a deep elf mage
  2966 | D        | Killed a deep elf blademaster
  2966 | D        | Killed a deep elf sorcerer
  2966 | D        | Reached XP level 18. HP: 124/200 MP: 10/32
  2966 | D        | Killed a deep elf summoner
  2966 | D        | Killed a deep elf conjurer
  2966 | D        | Killed a deep elf sorcerer
  2966 | D        | Killed a deep elf knight
  2966 | D        | Killed a deep elf high priest
  2966 | D        | Killed a deep elf summoner
  2967 | D        | Killed a deep elf annihilator
  2967 | D        | Killed a deep elf high priest
  2967 | D        | Killed a deep elf mage
  2968 | D        | Noticed a deep elf annihilator
  2968 | D        | Noticed a deep elf high priest
  2972 | D        | Killed a deep elf annihilator
  2976 | D        | Killed a deep elf high priest
  2982 | D        | Killed a deep elf annihilator
  3039 | D        | Got the +2 pair of gloves of Generosity {MR++ MP+9 Dex+2}
  3121 | D        | Entered arena 26.
  3121 | D        | Noticed Erica
  3121 | D        | Noticed Jory
  3121 | D        | Noticed Sonja
  3121 | D        | Noticed Menkaure
  3121 | D        | Noticed Terence
  3121 | D        | Noticed Joseph
  3121 | D        | Noticed Sigmund
  3121 | D        | Noticed Agnes
  3121 | D        | Noticed Josephine
  3122 | D        | Noticed Harold
  3122 | D        | Killed Sonja
  3123 | D        | Killed Sigmund
  3123 | D        | Killed Agnes
  3123 | D        | Killed Menkaure
  3123 | D        | Killed Terence
  3124 | D        | Killed Joseph
  3124 | D        | Killed Josephine
  3124 | D        | Killed Erica
  3130 | D        | Noticed Ignacio
  3131 | D        | Noticed Duvessa
  3131 | D        | Noticed Gloorx Vloq
  3131 | D        | Killed Jory
  3131 | D        | Killed Harold
  3132 | D        | Noticed the Enchantress
  3132 | D        | Killed Duvessa
  3133 | D        | Noticed Purgy
  3133 | D        | Killed the Enchantress
  3133 | D        | Killed Purgy
  3134 | D        | Noticed Polyphemus
  3134 | D        | Noticed Nikola
  3134 | D        | Killed Ignacio
  3134 | D        | Reached skill level 27 in Invocations
  3135 | D        | Noticed Dissolution
  3135 | D        | Noticed Nessos
  3137 | D        | Noticed Louise
  3140 | D        | Noticed Azrael
  3140 | D        | Killed Gloorx Vloq
  3140 | D        | Killed Nessos
  3140 | D        | Killed Louise
  3140 | D        | Killed Polyphemus
  3143 | D        | Noticed Rupert
  3143 | D        | Noticed Urug
  3144 | D        | Noticed Psyche
  3144 | D        | Noticed Mara
  3144 | D        | Noticed Ijyb
  3144 | D        | Noticed Khufu
  3144 | D        | Killed Psyche
  3145 | D        | Killed Ijyb
  3146 | D        | Noticed Chuck
  3146 | D        | Noticed Blork the orc
  3146 | D        | Noticed Grinder
  3148 | D        | Killed Azrael
  3148 | D        | Killed Urug
  3148 | D        | Killed Nikola
  3149 | D        | Noticed the Serpent of Hell
  3149 | D        | Killed Blork the orc
  3149 | D        | Killed Grinder
  3150 | D        | Noticed Nellie
  3150 | D        | Noticed Dowan
  3150 | D        | Killed Dissolution
  3150 | D        | Reached skill level 10 in Throwing
  3150 | D        | Killed Dowan
  3151 | D        | Noticed Lom Lobon
  3152 | D        | Noticed nuthulu's illusion
  3152 | D        | Noticed Grum
  3153 | D        | Noticed the iron giant
  3153 | D        | Killed Rupert
  3153 | D        | Killed Chuck
  3153 | D        | Reached skill level 10 in Spellcasting
  3153 | D        | Killed Grum
  3153 | D        | Killed Mara
  3155 | D        | Noticed Gastronok
  3155 | D        | Killed the iron giant
  3155 | D        | Killed Khufu
  3155 | D        | Killed the Serpent of Hell
  3155 | D        | Reached skill level 15 in Unarmed Combat
  3155 | D        | Reached XP level 19. HP: 17/207 MP: 23/35
  3155 | D        | Killed Nellie
  3155 | D        | HP: 6/207 [ball lightning[Lom Lobon] (7)]
  3155 | D        | Killed from afar by Lom Lobon

Vault maps used:
D:        sprint_v

Action                   |  1- 3 |  4- 6 |  7- 9 | 10-12 | 13-15 | 16-18 | 19-21 || total
-------------------------+-------+-------+-------+-------+-------+-------+-------++-------
Melee: Shillelagh        |     2 |     9 |    26 |   102 |    74 |    64 |       ||   277
       Flail             |       |       |       |     3 |       |       |       ||     3
Invok: Slouch            |       |       |       |       |    22 |    40 |     1 ||    63
  Use: Potion            |     1 |       |       |     2 |     5 |     6 |       ||    14
       Scroll            |       |       |     2 |     4 |     1 |       |       ||     7
  Eat: Meat ration       |       |       |       |       |     1 |     1 |       ||     2
       Bread ration      |       |       |       |       |       |     1 |       ||     1
